 Dungeon Crawl Stone Soup version 0.17-a0-1763-g847a857 (webtiles) character file.

534 kosy22 the Ducker (level 7, -6/68 HPs)
             Began as a Troll Berserker on Sept 5, 2015.
             Was an Elder of Trog.
             Mangled by Pikel
             ... wielding a +0 whip of freezing
              (8 damage)
             ... on level 4 of the Dungeon.
             The game lasted 00:11:05 (3075 turns).

kosy22 the Ducker (Troll Berserker)                 Turns: 3075, Time: 00:11:05

Health: -6/68      AC:  6    Str: 28    XL:     7   Next: 4%
Magic:  6/6        EV: 11    Int:  3    God:    Trog [****..]
Gold:   135        SH:  0    Dex:  9    Spells: 0 memorised, 6 levels left

rFire  + . .     SeeInvis .     m - +0 giant spiked club
rCold  . . .     Clarity  .     j - +1 robe {rN+}
rNeg   + . .     SustAt   .     (no shield)
rPois  .         Gourm    +     (helmet restricted)
rElec  .         Spirit   .     (no cloak)
rCorr  .         Warding  .     (gloves unavailable)
rMut   .         Stasis   .     (boots unavailable)
MR     .....                    (no amulet)
Stlth  +.........               (no ring)
                                l - ring of protection from fire

@: lethally poisoned (-6 -> -6), exhausted, slowed, very slow, not resistant to
hostile enchantments, very unstealthy
A: unfitting armour, claws 3, fast metabolism 3, gourmand, regeneration 2,
shaggy fur 1, tough skin 2
a: Burn Spellbooks, Berserk, Trog's Hand, Brothers in Arms, Renounce Religion


You were on level 4 of the Dungeon.
You worshipped Trog.
Trog was greatly pleased with you.
You were near starving.

You visited 1 branch of the dungeon, and saw 4 of its levels.

You collected 135 gold pieces.

Inventory:

Hand weapons
 b - a +1 dagger of electrocution
 e - a +0 club
 g - a +3 hand axe of flaming
 m - a +0 giant spiked club (weapon)
Missiles
 d - 23 poisoned needles
Armour
 a - a +0 animal skin
 f - a +0 robe
 j - a +1 robe of positive energy (worn)
Jewellery
 l - a ring of protection from fire (left claw)
Scrolls
 c - a scroll of remove curse
 k - a scroll of magic mapping
Potions
 i - 2 potions of brilliance
Comestibles
 h - a meat ration


   Skills:
 + Level 3.7 Fighting
 + Level 2.6 Axes
 + Level 0.3(1.8) Maces & Flails
 + Level 4.8 Dodging
 + Level 0.5 Stealth
 + Level 3.5 Unarmed Combat


You had 6 spell levels left.
You didn't know any spells.

Dungeon Overview and Level Annotations

Branches:
Dungeon (4/15)
 Temple: D:4-7

Altars:
Cheibriados
Gozag
Nemelex Xobeh
Okawaru
Vehumet
Xom

Annotations:
D:4 Pikel


Innate Abilities, Weirdness & Mutations

You are too large for most types of armour.
You have claws for hands.
Your metabolism is lightning-fast.
You like to eat raw meat.
You heal very quickly.
You are covered in fur (AC +1).
You have very tough skin (AC +2).


Message History

You barely miss the slave. Pikel hits you with a whip of freezing.
* * * LOW HITPOINT WARNING * * *
Pikel freezes you.
* * * LOW HITPOINT WARNING * * *
The slave closely misses you. The slave hits you but does no damage.
* * * LOW HITPOINT WARNING * * *
You feel sick. Pikel hits you but does no damage. The slave barely misses you.
A scorpion comes into view.
You see here a worker ant corpse.
You feel a strong urge to attack something.
You are no longer berserk.
You are exhausted.
You feel yourself slow down.
You are near starving!
Drink which item? (? for menu, Esc to quit)
Okay, then.
Use which ability?
Okay, then.
Pikel hits you with a whip of freezing!
You die...

[...[. #. ...
..... ..# ...
.... .s#...#.#
...
.#...#...##..
# ..#...#.#..
..#...#..p#.#
.#...#...#.#@#
...#...#.plK.#
#...#...#p###
#...#...#
..#..##.#
#..#....# #.#
####.# # #.#
#.#


You could see Pikel, 2 slaves and a giant newt.

Vanquished Creatures
  Sigmund (D:2)
  An ogre (D:4)
  An orc wizard (D:3)
  Ijyb (D:3)
  An iguana (D:4)
  2 worker ants (D:4)
  Robin (D:2)
  A gnoll (D:1)
  4 adders (D:2)
  3 oozes
  A giant gecko (D:2)
  6 orcs (D:3)
  A ball python (D:3)
  8 bats
  4 giant cockroaches
  12 hobgoblins
  4 jackals (D:2)
  2 quokkas
  4 giant newts
  21 goblins
  7 kobolds
  14 rats
100 creatures vanquished.

Notes
Turn   | Place    | Note
--------------------------------------------------------------
     0 | D:1      | kosy22 the Troll Berserker began the quest for the Orb.
     0 | D:1      | Reached XP level 1. HP: 22/22 MP: 0/0
   123 | D:1      | Reached XP level 2. HP: 19/29 MP: 1/1
   505 | D:1      | Acquired Trog's second power
   536 | D:1      | Reached XP level 3. HP: 36/36 MP: 2/2
   939 | D:2      | Found a radiant altar of Vehumet.
   982 | D:2      | Noticed Sigmund
  1001 | D:2      | Killed Sigmund
  1001 | D:2      | Reached skill level 1 in Axes
  1001 | D:2      | Reached skill level 4 in Dodging
  1001 | D:2      | Reached XP level 4. HP: 18/45 MP: 3/3
  1001 | D:2      | Reached XP level 5. HP: 21/53 MP: 4/4
  1264 | D:2      | Noticed Robin
  1272 | D:2      | Killed Robin
  1344 | D:2      | Reached XP level 6. HP: 61/61 MP: 5/5
  1651 | D:2      | Found a shimmering altar of Xom.
  1655 | D:2      | Found a snail-covered altar of Cheibriados.
  1735 | D:2      | Found an opulent altar of Gozag.
  1737 | D:2      | Found an iron altar of Okawaru.
  2259 | D:3      | Noticed Ijyb
  2274 | D:3      | Killed Ijyb
  3033 | D:4      | Acquired Trog's third power
  3035 | D:4      | Found a sparkling altar of Nemelex Xobeh.
  3058 | D:4      | Noticed Pikel
  3062 | D:4      | Reached XP level 7. HP: 51/68 MP: 6/6
  3071 | D:4      | HP: 3/102 [slave[Pikel] (9)]
  3073 | D:4      | HP: 1/102 [poisoned by a worker ant]
  3075 | D:4      | Mangled by Pikel

Vault maps used:
D:1:      dpeg_arrival_orchard, minmay_misc_feat_tower
D:2:      nicolae_overflow_hidden_temple, lemuel_crystal_altar, uniq_robin,
          uniq_sigmund
D:3:      uniq_iyjb
D:4:      nemelex_xobeh_ov_fountains_minmay,
          grunt_temple_overflow_forces_of_nature, lemuel_coloured_pillars_altar,
          first_bread, eino_tiny_chamber, hex_medium, uniq_pikel

Action                   |  1- 3 |  4- 6 |  7- 9 || total
-------------------------+-------+-------+-------++-------
Melee: Hand axe          |    84 |   127 |       ||   211
       Giant spiked club |       |     8 |     8 ||    16
Invok: Berserk           |       |     1 |     1 ||     2
  Use: Scroll            |    10 |     6 |       ||    16
       Potion            |     1 |     1 |       ||     2
  Eat: Bread ration      |     1 |     2 |       ||     3
       Fruit             |     1 |     1 |       ||     2
       Beef jerky        |     1 |       |       ||     1
       Meat ration       |       |     2 |       ||     2
